 Dungeon Crawl Stone Soup version 0.25.0-11-g1f837a7 (webtiles) character file.

Game seed: 12221625226778821221

1746041 vt the Caregiver (level 26, 456/456 HPs)
             Began as a Deep Dwarf Conjurer on June 26, 2020.
             Was a Believer of Elyvilon.
             Escaped with the Orb
             ... and 3 runes!
             The game lasted 04:32:50 (64434 turns).

vt the Caregiver (Deep Dwarf Conjurer)             Turns: 64434, Time: 04:32:50

Health: 456/456    AC: 38    Str: 15    XL:     26   Next: 82%
Magic:  18/21 (12) EV: 15    Int: 17    God:    Elyvilon [**....]
Gold:   404        SH:  0    Dex: 15    Spells: 18/28 levels left

rFire    + + .     SeeInvis .   a - +9 battleaxe (vorpal)
rCold    + . .     Gourm    .   (shield currently unavailable)
rNeg     + . .     Faith    +   z - +7 plate armour {rC+}
rPois    .         Spirit   .   A - +2 hat
rElec    +         Reflect  .   x - +1 cloak of Anaesthesia {rF+ rC- Dex+2 Slay+3}
rCorr    .         Harm     .   R - +2 pair of gloves
MR       +++++                  b - +2 pair of boots
Stlth    ..........             K - amulet "Hiodom" {Faith rF+}
HPRegen  0.00/turn              m - ring of the Mage {Wiz MR++ Int+3}
MPRegen  0.17/turn              l - ring "Fuoteff" {+Blink rElec MP+9 Str-5 Int-4}

@: berserking, non-regenerating, very quick
A: damage resistance, heal wounds, blurry vision 1, cold resistance 1, dopey 1,
negative energy resistance 1, sense surroundings 3, robust 1, subdued magic 2,
no regeneration
0: Orb of Zot
}: 3/15 runes: serpentine, barnacled, slimy
a: Heal Wounds, Lesser Healing, Heal Other, Divine Protection, Renounce
Religion, Evoke Blink


You escaped.
You worshipped Elyvilon.
Elyvilon was pleased with you.
You were not hungry.

You visited 11 branches of the dungeon, and saw 54 of its levels.
You visited 1 bazaar.
You also visited: Ossuary, Bailey, Gauntlet, Volcano and Wizlab.

You collected 6433 gold pieces.
You spent 6029 gold pieces at shops.

Inventory:

Hand Weapons
 a - a +9 vorpal battleaxe (weapon)
   (You took it off an orc wizard on level 8 of the Dungeon)
 L - a +1 demon blade of distortion
   (You took it off a hell knight on level 3 of the Depths)
Missiles
 p - 6 silver javelins
 t - 16 curare-tipped darts
 y - 18 javelins
 J - 53 boomerangs (quivered)
 U - 17 throwing nets {!d !f =f}
Armour
 b - a +2 pair of boots (worn)
   (You found it on level 6 of the Lair of Beasts)
 x - the +1 cloak of Anaesthesia (worn) {rF+ rC- Dex+2 Slay+3}
   (You found it in a Gauntlet)

   It affects your dexterity (+2).
   It affects your accuracy and damage with ranged weapons and melee attacks
   (+3).
   It protects you from fire.
   It makes you vulnerable to cold.
 z - a +7 plate armour of cold resistance (worn)
   (You took it off a minotaur in a Gauntlet)
 A - a +2 hat (worn)
   (You found it on level 5 of the Pits of Slime)
 R - a +2 pair of gloves (worn)
   (You found it on level 2 of the Lair of Beasts)
Jewellery
 e - a +4 ring of slaying
   (You found it on level 4 of the Realm of Zot)
 l - the ring "Fuoteff" (right hand) {+Blink rElec MP+9 Str-5 Int-4}
   (You bought it in a shop in a bazaar)

   [ring of magical power]

   It affects your strength (-5).
   It affects your intelligence (-4).
   It insulates you from electricity.
   It affects your magic capacity (+9).
   It lets you blink.
 m - the ring of the Mage (left hand) {Wiz MR++ Int+3}
   (You bought it in a shop on level 2 of the Orcish Mines)

   [ring of wizardry]

   It improves your spell success rate.
   It affects your intelligence (+3).
   It affects your resistance to hostile enchantments.
 r - the ring of Genaumn {rPois rF+ rC+ MP+9 Dex+3}
   (You found it on level 1 of the Elven Halls)

   [ring of magical power]

   It affects your dexterity (+3).
   It protects you from fire.
   It protects you from cold.
   It protects you from poison.
   It affects your magic capacity (+9).
 K - the amulet "Hiodom" (around neck) {Faith rF+}
   (You found it on level 5 of the Pits of Slime)

   [amulet of faith]

   It allows you to gain divine favour quickly.
   It protects you from fire.
Wands
 O - a wand of digging (9)
   (You found it on level 7 of the Dungeon)
 Q - a wand of paralysis (25)
   (You found it on level 2 of the Lair of Beasts)
 S - a wand of acid (77)
   (You took it off an orc warrior on level 8 of the Dungeon)
 X - a wand of enslavement (8)
   (You found it on level 3 of the Snake Pit)
 Y - a wand of iceblast (43)
   (You found it on level 10 of the Dungeon)
 Z - a wand of disintegration (31)
   (You took it off Maurice on level 11 of the Dungeon)
Scrolls
 f - 22 scrolls of identify {@r1}
 h - 3 scrolls of fear
 k - 25 scrolls of remove curse {@r2}
 B - 4 scrolls of fog
 C - 5 scrolls of blinking {!r}
 F - a scroll of magic mapping
 G - a scroll of holy word
 H - 18 scrolls of teleportation {@r4}
 I - 5 scrolls of vulnerability {!r}
 P - 2 scrolls of silence {!r}
 V - a scroll of summoning
Potions
 g - 9 potions of curing {@q1}
 i - a potion of ambrosia
 n - 9 potions of heal wounds {@q2}
 o - 3 potions of cancellation
 q - 2 potions of berserk rage {!q}
 u - 5 potions of might
 v - 2 potions of invisibility
 w - 3 potions of lignification
 D - 6 potions of haste {@q3}
 E - 5 potions of magic
 W - 2 potions of resistance
Miscellaneous
 d - 2 boxes of beasts
 j - a phial of floods
   (You bought it in a shop on level 3 of the Snake Pit)
 s - a tin of tremorstones (3/3)
   (You found it in a Gauntlet)
 M - 6 phantom mirrors
 N - a lightning rod (4/4)
   (You found it in a Gauntlet)
Comestibles
 c - 40 rations


   Skills:
 + Level 23.8 Fighting
 - Level 20.0 Axes
 - Level 20.0 Armour
 - Level 20.0 Dodging
 - Level 2.4 Stealth
 - Level 1.7 Spellcasting
   Level 3.6 Conjurations
 O Level 27 Invocations
 - Level 15.0 Evocations


You had 18 spell levels left.
You knew the following spells:

 Your Spells              Type           Power        Failure   Level  Hunger
a - Dispersal             Tloc           #.........   100%        6    #######
g - Apportation           Tloc           #.....       63%         1    #......
t - Lesser Beckoning      Tloc           #.........   93%         3    ###....

Your spell library contained the following spells:

 Spells                   Type           Power        Failure   Level  Hunger
 Magic Dart               Conj           #...         19%         1    #......
 Searing Ray              Conj           #.....       28%         2    ###....
 Foxfire                  Conj/Fire      #...         38%         1    #......
 Animate Skeleton         Necr           N/A          63%         1    #......
 Beastly Appendage        Tmut           #.....       63%         1    #......
 Corona                   Hex            #......      63%         1    #......
 Pain                     Necr           #...         63%         1    #......
 Sting                    Tmut/Pois      #...         63%         1    #......
 Summon Butterflies       Summ           #.......     63%         1    #......
 Summon Small Mammal      Summ           #...         63%         1    #......
 Conjure Flame            Conj/Fire      #.......     75%         3    ###....
 Dazzling Flash           Conj/Hex       #.....       75%         3    ###....
 Static Discharge         Conj/Air       #.......     75%         3    ###....
 Stone Arrow              Conj/Erth      #.....       75%         3    ###....
 Call Imp                 Summ           #.......     77%         2    ###....
 Corpse Rot               Necr/Air       N/A          77%         2    ###....
 Poisonous Vapours        Pois/Air       #.....       77%         2    ###....
 Sticks to Snakes         Tmut           #.......     77%         2    ###....
 Mephitic Cloud           Conj/Pois/Air  #.......     82%         3    ###....
 Call Canine Familiar     Summ           #.......     93%         3    ###....
 Confusing Touch          Hex            #.......     93%         3    ###....
 Gell's Gravitas          Tloc           #.........   93%         3    ###....
 Ignite Poison            Fire/Tmut/Pois #.......     93%         3    ###....
 Inner Flame              Hex/Fire       #.......     93%         3    ###....
 Portal Projectile        Hex/Tloc       #.....       93%         3    ###....
 Recall                   Summ/Tloc      N/A          93%         3    ###....
 Spider Form              Tmut/Pois      #.........   93%         3    ###....
 Summon Guardian Golem    Hex/Summ       #.......     93%         3    ###....
 Tukima's Dance           Hex            #.......     93%         3    ###....
 Vampiric Draining        Necr           #.........   93%         3    ###....
 Fulminant Prism          Conj/Hex       #.........   98%         4    #####..
 Iskenderun's Mystic Bla  Conj/Tloc      #.......     98%         4    #####..
 Sticky Flame             Conj/Fire      #.......     98%         4    #####..
 Animate Dead             Necr           N/A          100%        4    #####..
 Cause Fear               Hex            #.........   100%        4    #####..
 Ice Form                 Ice/Tmut       #.......     100%        4    #####..
 Olgreb's Toxic Radiance  Pois           #.......     100%        4    #####..
 Petrify                  Tmut/Erth      #.......     100%        4    #####..
 Summon Ice Beast         Ice/Summ       #.......     100%        4    #####..
 Summon Lightning Spire   Summ/Air       #.......     100%        4    #####..
 Agony                    Necr           #.......     100%        5    ######.
 Alistair's Intoxication  Tmut/Pois      #.......     100%        5    ######.
 Blade Hands              Tmut           #.........   100%        5    ######.
 Bolt of Magma            Conj/Fire/Erth #.........   100%        5    ######.
 Fireball                 Conj/Fire      #.........   100%        5    ######.
 Iskenderun's Battlesphe  Conj/Chrm      #.......     100%        5    ######.
 Lightning Bolt           Conj/Air       #.........   100%        5    ######.
 Metabolic Englaciation   Hex/Ice        #.........   100%        5    ######.
 Silence                  Hex/Air        #.........   100%        5    ######.
 Summon Forest            Summ/Tloc      #.........   100%        5    ######.
 Yara's Violent Unravell  Hex/Tmut       #.........   100%        5    ######.
 Eringya's Noxious Bog    Tmut/Pois      #.........   100%        6    #######
 Hydra Form               Tmut           #.........   100%        6    #######
 Invisibility             Hex            #.......     100%        6    #######
 Iron Shot                Conj/Erth      #.........   100%        6    #######
 Shadow Creatures         Summ           N/A          100%        6    #######
 Malign Gateway           Summ/Tloc      #.........   100%        7    #######
 Monstrous Menagerie      Summ           #.........   100%        7    #######
 Orb of Destruction       Conj           #.........   100%        7    #######
 Spellforged Servitor     Conj/Summ      #.........   100%        7    #######
 Summon Greater Demon     Summ           #.........   100%        7    #######
 Summon Hydra             Summ           #.........   100%        7    #######
 Chain Lightning          Conj/Air       #.........   100%        8    #######
 Controlled Blink         Tloc           N/A          100%        8    #######
 Discord                  Hex            #.........   100%        8    #######
 Disjunction              Tloc           #.........   100%        8    #######
 Ignition                 Fire           #.........   100%        8    #######
 Lehudib's Crystal Spear  Conj/Erth      #.........   100%        8    #######
 Summon Horrible Things   Summ           #.........   100%        8    #######
 Absolute Zero            Ice            #.........   100%        9    #######
 Fire Storm               Conj/Fire      #.........   100%        9    #######
 Shatter                  Erth           #.........   100%        9    #######
 Tornado                  Air            #.........   100%        9    #######


Dungeon Overview and Level Annotations

Branches:
Dungeon (15/15)            Temple (1/1) D:7            Lair (6/6) D:10
 Shoals (4/4) Lair:4        Snake (4/4) Lair:4        Slime (5/5) Lair:6
    Orc (2/2) D:12            Elf (3/3) Orc:2        Vaults (4/5) D:13
  Crypt (0/3) Vaults:2     Depths (5/5) D:15            Zot (5/5) Depths:5
Ossuary (visited)          Bailey (visited)         Volcano (visited)
 WizLab (visited)         Gauntlet (visited)

Altars:
Ashenzari
Cheibriados
Dithmenos
Elyvilon
Fedhas
Gozag
Hepliaklqana
Kikubaaqudgha
Makhleb
Nemelex Xobeh
Okawaru
Qazlal
Ru
Sif Muna
Trog
Uskayaw
Vehumet
Wu Jian
Xom
Yredelemnul
Zin
The Shining One
Beogh
Jiyva

Shops:
D:6 %   Orc:2 ?=[!(   Snake:3 =}=   Depths:5 **

Portals:
Hell: Depths:1 Depths:2 Depths:3 Depths:4 Depths:5
Abyss: Depths:4
Pandemonium: Depths:3
Ziggurat: Depths:3

Annotations:
D:5 Sigmund
Lair:2 2 runed translucent doors, Ofeo's ghost, journeyman DDFi
Lair:6 invisscarf, exclusion: 4 oklob plants
Shoals:1 Roxanne
Elf:3 1 runed translucent door, dillytodds's ghost, adept GrFi
Vaults:1 3 runed translucent doors, Dyimanga's ghost, veteran GrFi; Suppis's ghost, adept MiGl; Synox's ghost, legendary FoFi; Zawnug's ghost, adept MiFi; quaternion's ghost, veteran MiFi
Vaults:3 passwall v, mennas with trishula, exclusion: door, Mennas; Resuhegu's ghost, master FoEE
Depths:1 2 runed translucent doors, Barug's ghost, adept TrMo
Depths:4 2 transporters
Zot:1 1 exclusion


Innate Abilities, Weirdness & Mutations

You are resistant to damage.
You can heal yourself by infusing magical energy.
You resist negative energy. (rN+)
You passively map a large area around you.
You do not regenerate.
Scrolls take you a little longer to read.
Your flesh is cold resistant. (rC+)
You are dopey. (Int -2)
You are robust. (+10% HP)
Your spells are easier to cast, but less powerful.


Message History

Press: ? - help, v - describe, . - travel
Here: Pump, armed with a chaotic touch The floor.
Press: ? - help, v - describe, . - travel
Here: Pump, armed with a chaotic touch The floor.
You feel yourself speed up.
The hellion gives a hideous shriek!
The sun demon shouts!
The sixfirhy hits you but does no damage.
The sixfirhy hits you! The sixfirhy shocks you. You resist.
The sixfirhy hits you but does no damage. x2
The sixfirhy hits you. The sixfirhy shocks you. You resist.
The sixfirhy barely misses you.
Really read with blurry vision while enemies are nearby?
You begin reading the scroll.
You continue reading the scroll.
As you read the scroll of holy word, it crumbles to dust.
You speak a Word of immense power!
The sixfirhy convulses!
The hellion convulses!
You kill the hellion!
Pump convulses!
The ice devil convulses!
The sun demon convulses!
The sun demon is lost in a daze.
The ice devil is lost in a daze.
Pump is lost in a daze.
The sixfirhy is lost in a daze. x2
The sixfirhy is lost in a daze.
Evoke which item? (* to show all) (? for menu, Esc to quit)
Aiming: Dig
Press: ? - help, Shift-Dir - straight line, f - you Please select a direction to dig.
This square is covered in magical glow.
The rock shatters into small pieces.
The sixfirhy is lost in a daze.
The sixfirhy is lost in a daze. x3
The sixfirhy is lost in a daze.
Evoke which item? (* to show all) (? for menu, Esc to quit)
Aiming: Dig
Press: ? - help, Shift-Dir - straight line, f - you Please select a direction to dig.
This square is covered in magical glow.
The rock shatters into small pieces.
The sixfirhy barely misses you. The sixfirhy closely misses you.
The sixfirhy misses you.
The sixfirhy hits you but does no damage.
You climb upwards.
You completely miss the sixfirhy.
The sixfirhy is moderately wounded.
You slash the sixfirhy!
The sixfirhy is heavily wounded.
You slash the sixfirhy!
The sixfirhy is severely wounded.
The sixfirhy is no longer dazed.
The sixfirhy hits you but does no damage.
You slice the sixfirhy!!
You kill the sixfirhy!
No target in view!
(D) Dungeon (T) Temple (L) Lair (A) Shoals (P) Snake Pit (M) Slime Pits (O) Orcish Mines (E) Elven Halls (V) Vaults (C) Crypt (U) Depths (H) Hell (Z) Zot
Where to? (Enter - D:1 @ (x,y), ? - help)
What level of the Dungeon? (default 1, ? - help)
You see here a short sword.
Your extra speed is starting to run out.
You enter the shallow water.
Moving in this stuff is going to be slow.
You feel yourself slow down.
There is a large open door here.
An Orb Guardian comes into view.
There is a large open door here.
You close the large door.
An Orb Guardian opens the large door.
You miss the Orb Guardian. The Orb Guardian hits you!!
You slash the Orb Guardian!
The Orb Guardian is lightly wounded.
The Orb Guardian misses you.
There is a large open door here.
There is a staircase leading out of the dungeon here.
You barely miss the Orb Guardian.
The Orb Guardian is lightly wounded.
The Orb Guardian hits you but does no damage.
You closely miss the Orb Guardian.
The Orb Guardian is lightly wounded.
The Orb Guardian closely misses you.
You slash the Orb Guardian!
The Orb Guardian is moderately wounded.
The Orb Guardian hits you but does no damage.
You slice the Orb Guardian!!
The Orb Guardian is severely wounded.
The Orb Guardian hits you but does no damage.
You carve the Orb Guardian like a ham!!!
You kill the Orb Guardian!
You are healed.
You feel somewhat less full.
You are healed.
You are healed.
You feel somewhat more hungry.
You are healed.
You feel somewhat more hungry.
Okay, then.
Okay, then.
Really quaff
q - 3 potions of berserk rage {!q}?
A red film seems to cover your vision as you go berserk!
You feel yourself moving faster!
You feel mighty!
You feel a strong urge to attack something.
You have escaped!

░.~.▓~..........~▓.~░░░.░░.░
░.~.▓~~~~~..~~~~~▓.~░ ░..░.░
░.~.▓▓▓▓▓▓''▓▓▓▓▓▓.~░ ░░.░.░
░.~.▓.§§..3.4....▓.~░ ░...░
░.~.▓≈§§§§..≈§≈≈≈▓.~░ ░░...
░.~.▓§§§§§§.≈≈≈≈§▓.~░░░░░..░
░.~.▓...§.§......▓.~░.......
░.~.▓≡≡≡≡≡''≡≡≡≡≡▓.~░.......
░(~8▓......@.....▓8~░.......
░.~.▓▓▓▓▓▓▓▓▓▓▓▓▓▓.~░.......
░.~..8..........8..~░.......
░.~~~~~~~~~~~~~~~~~~░.....>.
░.░░░░░░░░░░░░░░░░░░░░░░░░░░
░░░░░.░ ░ ░...░.░ ░ ░░...░.░
░ ░....░.░ ░


You could see a sun demon (wandering) and a red devil (wandering).

Vanquished Creatures
  the Royal Jelly (Slime:5)
  3 orbs of fire (Zot:5)
  An ancient lich (Zot:5)
  Boris (twice) (Vaults:2 Depths:2)
  8 Killer Klowns (Zot:5)
  Margery (Vaults:3)
  Xtahua (Vaults:2)
  5 curse toes (Zot:5)
  5 golden dragons
  Nikola (Depths:3)
  Jory (Depths:4)
  A bone dragon (Depths:5)
  2 liches
  A Brimstone Fiend (D:9)
  An electric golem (Zot:5)
  13 tentacled monstrosities
  24 Orb Guardians
  A titan (Depths:3)
  Asterion (Depths:1)
  3 deep elf blademasters
  A quicksilver dragon (Zot:1)
  7 death cobs
  3 deep elf master archers (Elf:3)
  An Executioner (D:8)
  19 acid blobs
  4 sphinxes
  Frances (D:13)
  13 storm dragons
  Kirke (Shoals:4)
  Donald (Lair:4)
  3 tengu reavers
  7 nagarajas
  A draconian monk (Zot:1)
  10 azure jellies
  8 fire giants
  6 frost giants
  5 shadow dragons
  2 draconian knights
  3 draconian scorchers
  4 ghost moths
  13 vault wardens
  Aizul (Snake:1)
  13 deep elf sorcerers
  A draconian shifter (Depths:5)
  A cacodemon (D:2)
  2 draconian stormcallers (Zot:1)
  A war gargoyle (Vaults:2)
  12 ironheart preservers
  A spriggan defender (Depths:3)
  17 very ugly things
  9 deep elf elementalists
  2 vampire knights
  Nessos (D:12)
  5 green draconians
  An entropy weaver (Vaults:3)
  11 stone giants
  4 deep elf demonologists
  7 purple draconians
  4 red draconians
  11 deep elf annihilators
  7 white draconians
  10 yellow draconians
  A minotaur (Gauntlet)
  8 black draconians
  An orange crystal statue (WizLab)
  2 spark wasps (Depths:2)
  2 eidola (Vaults:2)
  4 deep elf death magi (Elf:3)
  5 ettins
  4 death oozes (Slime:5)
  14 fire dragons
  12 great orbs of eyes
  17 yaktaur captains
  Josephine (Lair:4)
  4 jiangshi
  3 merfolk impalers
  Harold (D:9)
  6 vault guards
  7 deep elf high priests (Elf:3)
  2 rakshasas
  2 hell beasts
  Fannar (D:10)
  9 ice dragons
  10 hydras
  A merfolk avatar (Shoals:3)
  4 catoblepae (Lair:6)
  20 naga warriors
  4 death knights
  3 merfolk aquamancers (Shoals:3)
  35 two-headed ogres
  3 spriggan air magi
  A satyr (Shoals:4)
  6 anacondas
  A tengu warrior (Depths:2)
  6 centaur warriors
  A hell hog (Volcano)
  5 deep troll shamans
  2 vampire magi
  7 death yaks (Lair:6)
  11 ogre magi
  6 deep troll earth magi
  21 dancing weapons
  6 spriggan berserkers
  5 shock serpents
  3 orc high priests (Orc:2)
  31 hell knights
  16 deep elf knights
  Sonja (D:13)
  7 naga sharpshooters
  4 large abominations
  A soul eater (D:14)
  2 sun demons
  A salamander mystic (Snake:4)
  20 skeletal warriors
  An iron troll (Depths:5)
  A shadow wraith (Vaults:4)
  A sixfirhy (D:1)
  2 unseen horrors
  4 sea snakes
  A fire crab (shapeshifter) (Vaults:3)
  A kraken simulacrum (Shoals:4)
  25 deep trolls
  5 glowing orange brains
  A tengu zombie (Vaults:2)
  16 ironbrand convokers
  8 necromancers
  3 naga ritualists
  10 harpies
  10 deep elf archers
  A phantasmal warrior (D:14)
  6 flayed ghosts
  A golden dragon skeleton (Depths:1)
  13 orc knights
  2 wizards
  38 ugly things
  51 deep elf magi
  An orb spider (shapeshifter) (Vaults:3)
  3 wolf spiders
  5 mana vipers
  7 orc sorcerers
  A mana viper (shapeshifter) (Depths:5)
  7 salamanders
  6 fauns
  A tengu skeleton (D:15)
  5 shining eyes
  A stone giant zombie (Vaults:2)
  8 cyclopes
  14 manticores
  A salamander (shapeshifter) (Depths:1)
  13 moths of wrath
  A merfolk siren (Shoals:2)
  28 naga magi
  35 black mambas
  Maurice (D:11)
  4 elephants
  15 vault sentinels
  A torpor snail (Snake:3)
  A rust devil (Depths:1)
  4 guardian serpents
  2 water nymphs
  10 spiny frogs
  3 centaur skeletons
  4 rime drakes (Lair:6)
  A hellion (D:2)
  A yaktaur zombie (Vaults:2)
  5 komodo dragons
  A demonic crawler (Zot:5)
  7 freezing wraiths
  71 yaktaurs
  A spriggan zombie (Depths:1)
  A kobold demonologist (D:13)
  A yaktaur skeleton (D:15)
  4 tengu conjurers
  A komodo dragon (shapeshifter) (Depths:3)
  7 trolls
  A queen bee (shapeshifter) (Vaults:2)
  A merfolk (shapeshifter) (Depths:5)
  A polar bear (Lair:2)
  3 hornets
  11 merfolk
  4 dream sheep (Lair:6)
  48 slime creatures
  3 jumping spiders
  2 tengu simulacra
  3 wind drakes
  5 blink frogs
  An ettin zombie (Vaults:2)
  14 hippogriffs
  2 deep troll zombies
  A fire dragon zombie (D:15)
  3 snapping turtles
  An air elemental (Elf:3)
  A redback (shapeshifter) (Vaults:4)
  An ice dragon skeleton (Depths:1)
  A spriggan (Depths:2)
  11 wraiths
  A spriggan (shapeshifter) (Vaults:4)
  81 yaks
  3 vampires
  3 redbacks
  13 water elementals
  A tarantella (shapeshifter) (Vaults:1)
  7 shadows
  6 wyverns
  3 basilisks
  2 fire bats (Volcano)
  A human (D:6)
  A fire elemental (Elf:1)
  6 hungry ghosts
  A steam dragon (D:10)
  A yaktaur simulacrum (Vaults:3)
  5 hogs
  A soldier ant (shapeshifter) (Depths:1)
  5 wargs
  3 acid dragons
  13 vampire mosquitoes
  A swamp worm (Snake:4)
  48 nagas
  7 hell hounds
  14 water moccasins
  A floating eye (Depths:2)
  4 porcupines
  7 sky beasts
  30 orc warriors
  5 ice beasts
  A black bear (shapeshifter) (Vaults:3)
  2 necrophages
  5 black bears
  4 eyes of draining
  3 phantoms
  5 wolves (Lair:2)
  An ice dragon simulacrum (Vaults:1)
  33 ogres
  16 boggarts
  12 crocodiles
  28 centaurs
  A big kobold (D:11)
  Blork the orc (D:5)
  16 bullfrogs
  3 earth elementals
  2 wyvern zombies
  4 scorpions
  A wyvern skeleton (D:8)
  15 killer bees
  A human simulacrum (Vaults:2)
  5 wights (D:7)
  4 howler monkeys
  An electric eel (Lair:4)
  10 crimson imps
  3 centaur zombies
  2 bullfrog zombies
  3 quasits
  6 hounds
  13 orc priests
  A gnoll shaman (D:7)
  2 jellies
  31 orc wizards
  4 bullfrog skeletons
  8 iguanas
  Ijyb (D:5)
  10 worker ants
  A hound zombie (D:9)
  A mummy (Ossuary)
  A worker ant zombie (D:11)
  Robin (D:4)
  3 howler monkey skeletons
  8 gnolls (D:8)
  11 adders
  2 shadow imps
  3 oozes
  4 adder skeletons
  3 dart slugs
  7 leopard geckos
  78 orcs
  3 giant cockroaches
  23 goblins
  15 hobgoblins
  8 jackals
  5 quokkas
  A ball python (D:1)
  11 bats
  6 frilled lizards
  5 gnoll skeletons (Ossuary)
  16 kobolds
  5 kobold skeletons (Ossuary)
  2 leopard gecko skeletons
  6 orc skeletons (Ossuary)
  2 quokka skeletons
  4 rats
  A plant (Lair:6)
2030 creatures vanquished.

Vanquished Creatures (collateral kills)
  An electric golem (Zot:5)
  2 Orb Guardians (Zot:5)
  A sun demon (Depths:1)
4 creatures vanquished.

Vanquished Creatures (others)
  A Killer Klown (Zot:5)
  A death cob (Zot:5)
  A vault warden (Vaults:4)
  A dancing weapon (Elf:2)
  A merfolk aquamancer (Shoals:3)
  A vampire mage (Depths:3)
  2 deep elf magi
  A yaktaur (Vaults:4)
  3 humans (Shoals:4)
  A naga (Snake:4)
  An orc warrior (Vaults:1)
  A bush (Snake:3)
  2 fungi (Lair:2)
  13 plants
  4 tentacles (Shoals:4)
  A withered plant (D:15)
35 creatures vanquished.

Grand Total: 2069 creatures vanquished

Notes
Turn   | Place    | Note
-------+----------+-------------------------------------------
     0 | D:1      | vt the Deep Dwarf Conjurer began the quest for the Orb.
     0 | D:1      | Reached XP level 1. HP: 15/15 MP: 3/3
   248 | D:1      | Reached skill level 1 in Fighting
   363 | D:1      | Reached XP level 2. HP: 21/25 MP: 1/4
   520 | D:1      | Learned a level 2 spell: Searing Ray
   603 | D:1      | Reached skill level 2 in Fighting
   793 | D:1      | Reached XP level 3. HP: 20/33 MP: 2/5
  1481 | D:2      | Found a glowing silver altar of Zin.
  1481 | D:2      | Found an opulent altar of Gozag.
  1712 | D:2      | Reached skill level 3 in Fighting
  1831 | D:2      | Reached XP level 4. HP: 21/42 MP: 1/6
  2313 | D:2      | Found a blossoming altar of Fedhas.
  2526 | D:2      | You fall into a shaft and drop 1 floor!
  2834 | D:3      | Reached skill level 4 in Fighting
  2939 | D:3      | Reached skill level 1 in Axes
  2939 | D:3      | Reached XP level 5. HP: 33/50 MP: 0/7
  3191 | D:2      | Found a shimmering blue altar of Sif Muna.
  3448 | D:3      | Reached skill level 2 in Axes
  4663 | D:4      | Got a smoking dagger
  4673 | D:4      | Identified the +1 dagger of Uncomfortable Rashes {elec,
                  | Fragile Str+5 Dex+8} (You found it on level 4 of the
                  | Dungeon)
  5066 | D:4      | Noticed Robin
  5099 | D:3      | Reached skill level 3 in Axes
  5281 | D:4      | Killed Robin
  5311 | D:4      | oh
  5368 | D:5      | Entered Level 5 of the Dungeon
  5368 | D:5      | Noticed a sky beast
  5408 | D:4      | Reached skill level 4 in Axes
  5408 | D:4      | Reached XP level 6. HP: 46/57 MP: 4/7
  5429 | D:5      | Noticed a sky beast
  5439 | D:5      | Killed a sky beast
  5439 | D:5      | Reached skill level 5 in Axes
  5525 | D:5      | Found an iron altar of Okawaru.
  5594 | D:5      | Found a sand-covered staircase.
  5603 | Ossuary  | Entered an ossuary
  5603 | Ossuary  | Noticed a wraith
  5603 | Ossuary  | Noticed a wraith
  5603 | Ossuary  | Noticed a wraith
  5948 | Ossuary  | Noticed a wraith
  6117 | D:5      | Noticed Sigmund
  6235 | D:5      | Noticed Blork the orc
  6245 | D:5      | Killed Blork the orc
  6324 | D:5      | Noticed Ijyb
  6337 | D:5      | Killed Ijyb
  6337 | D:5      | Reached XP level 7. HP: 46/66 MP: 1/8
  6496 | D:5      | Reached skill level 5 in Fighting
  6496 | D:5      | Reached skill level 6 in Axes
  6580 | D:5      | Found a snail-covered altar of Cheibriados.
  6953 | D:4      | Reached skill level 7 in Axes
  7283 | D:6      | Found a hide-covered altar of Uskayaw.
  7284 | D:6      | Noticed a +0 hand axe
  7285 | D:6      | Noticed a +0 dagger
  7377 | D:6      | Reached skill level 8 in Axes
  7377 | D:6      | Reached XP level 8. HP: 64/74 MP: 0/9
  7514 | D:6      | Found a shimmering altar of Xom.
  7781 | D:6      | Found Xezoxoi's Food Shoppe.
  7898 | D:6      | Reached skill level 9 in Axes
  8729 | D:6      | Reached skill level 10 in Axes
  9041 | D:7      | Found a shattered altar of Ashenzari.
  9222 | D:7      | Gained mutation: You passively map the area around you.
                  | [Deep Dwarf growth]
  9222 | D:7      | Reached XP level 9. HP: 66/82 MP: 6/10
  9224 | D:7      | ok guess i overreacted
  9402 | D:6      | Reached skill level 6 in Fighting
  9485 | D:7      | Found a white marble altar of Elyvilon.
  9636 | D:7      | Found a glowing golden altar of the Shining One.
  9674 | D:7      | Found a staircase to the Ecumenical Temple.
  9688 | Temple   | Entered the Ecumenical Temple
  9938 | D:7      | Reached skill level 11 in Axes
 10329 | D:7      | Reached skill level 7 in Fighting
 10416 | D:6      | lol ok
 10614 | D:8      | Found a bloodstained altar of Trog.
 10677 | D:7      | Became a worshipper of the Shining One
 10719 | D:8      | Reached skill level 12 in Axes
 10793 | D:8      | Found a sacrificial altar of Ru.
 10811 | D:8      | Reached skill level 8 in Fighting
 10814 | D:8      | Reached XP level 10. HP: 79/96 MP: 6/6
 10962 | D:8      | Found a flagged portal.
 10974 | Bailey   | Entered a bailey
 10974 | Bailey   | Noticed an orc knight
 10975 | Bailey   | Noticed an orc knight
 10983 | Bailey   | HP: 13/96 [orc warrior/+3 halberd (35)]
 11001 | D:8      | great thanks game
 11064 | D:8      | Reached * piety under the Shining One
 11076 | D:8      | Found a sparkling altar of Nemelex Xobeh.
 11820 | D:7      | Reached skill level 13 in Axes
 11939 | D:9      | Found a shadowy altar of Dithmenos.
 12079 | D:9      | Noticed Harold
 12088 | D:9      | fart
 12105 | D:9      | Reached skill level 1 in Invocations
 12121 | D:9      | Killed Harold
 12121 | D:9      | Reached skill level 3 in Invocations
 12176 | D:9      | Reached skill level 4 in Invocations
 12555 | D:9      | Reached skill level 5 in Invocations
 12699 | D:9      | Reached skill level 14 in Axes
 12746 | D:10     | Entered Level 10 of the Dungeon
 12782 | D:10     | Reached skill level 6 in Invocations
 12908 | D:10     | Noticed an unseen horror
 12926 | D:10     | Killed an unseen horror
 12926 | D:10     | Reached skill level 7 in Invocations
 12926 | D:10     | Reached XP level 11. HP: 40/103 MP: 5/7
 13385 | D:10     | Reached ** piety under the Shining One
 13394 | D:10     | Reached skill level 8 in Invocations
 13452 | D:10     | Found a staircase to the Lair.
 13459 | D:10     | Reached skill level 9 in Invocations
 13596 | D:11     | Noticed a red ugly thing
 13601 | D:11     | Noticed Maurice
 13745 | D:11     | Reached skill level 10 in Invocations
 13817 | D:11     | Reached skill level 1 in Armour
 13879 | D:11     | Reached skill level 2 in Armour
 13927 | D:11     | Killed Maurice
 13950 | D:11     | Found a gate leading to a gauntlet.
 13976 | Gauntlet | Entered a Gauntlet
 13976 | Gauntlet | Found a transporter.
 13977 | Gauntlet | Noticed a death ooze
 13978 | Gauntlet | Found a runed translucent door.
 13979 | Gauntlet | Found a transporter.
 13980 | Gauntlet | Found the +7 captain's cutlass {speed, disarm}
 13980 | Gauntlet | Found a transporter.
 13980 | Gauntlet | Found a runed translucent door.
 13980 | Gauntlet | Noticed a wolf spider
 13984 | Gauntlet | Found a transporter.
 13986 | Gauntlet | Noticed a green ugly thing
 13986 | Gauntlet | Noticed a brown ugly thing
 13987 | Gauntlet | Found a transporter.
 13987 | Gauntlet | Found a transporter.
 13987 | Gauntlet | Reached *** piety under the Shining One
 13989 | Gauntlet | Noticed a glowing orange brain
 13989 | Gauntlet | Noticed a glowing orange brain
 13993 | Gauntlet | Found a transporter.
 13994 | Gauntlet | Found a transporter.
 14004 | Gauntlet | Noticed a death scarab
 14014 | Gauntlet | Found a transporter.
 14033 | Gauntlet | Found a transporter.
 14035 | Gauntlet | Found a transporter.
 14046 | Gauntlet | Found a transporter.
 14066 | Gauntlet | Noticed a death scarab
 14179 | Gauntlet | Reached skill level 3 in Armour
 14179 | Gauntlet | Reached skill level 1 in Evocations
 14184 | Gauntlet | Got a slimy cloak
 14194 | Gauntlet | Identified the +2 cloak of Wariness {Str+2} (You found it
                  | in a Gauntlet)
 14212 | Gauntlet | Reached skill level 2 in Evocations
 14228 | Gauntlet | Got a faintly humming cloak
 14238 | Gauntlet | Identified the +1 cloak of Anaesthesia {rF+ rC- Dex+2
                  | Slay+3} (You found it in a Gauntlet)
 14260 | Gauntlet | Noticed a minotaur
 14272 | Gauntlet | Killed a minotaur
 14272 | Gauntlet | Reached skill level 4 in Armour
 14272 | Gauntlet | Reached skill level 3 in Evocations
 14441 | D:11     | Noticed a red ugly thing
 14466 | D:11     | Killed a red ugly thing
 14466 | D:11     | Reached skill level 4 in Evocations
 14475 | D:11     | Killed a cyan ugly thing
 14475 | D:11     | Reached skill level 9 in Fighting
 14508 | D:11     | Reached XP level 12. HP: 52/114 MP: 9/9
 14519 | D:11     | Reached skill level 5 in Armour
 14639 | D:11     | Reached **** piety under the Shining One
 14662 | D:11     | Reached skill level 5 in Evocations
 15096 | Lair:1   | Entered Level 1 of the Lair of Beasts
 15179 | Lair:1   | Noticed Fannar
 15510 | D:10     | Killed Fannar
 15674 | Lair:1   | Reached skill level 15 in Axes
 15779 | Lair:1   | Noticed a five-headed hydra
 15801 | Lair:1   | Killed a one-headed hydra
 15801 | Lair:1   | Reached skill level 10 in Fighting
 16176 | Lair:2   | HP: 29/116 [spiny frog (13)]
 16224 | Lair:2   | Reached skill level 3 in Dodging
 16953 | Lair:2   | Found a large runed translucent door.
 16953 | Lair:2   | Found a large runed translucent door.
 16953 | Lair:2   | Noticed Ofeo's ghost (journeyman DDFi)
 17158 | Lair:3   | Reached skill level 6 in Armour
 17177 | Lair:3   | Reached skill level 4 in Dodging
 18114 | Lair:4   | Noticed a six-headed hydra
 18126 | Lair:4   | Killed a one-headed hydra
 18324 | Lair:4   | Reached XP level 13. HP: 45/124 MP: 7/7
 18416 | Lair:4   | HP: 30/124 [yak (4)]
 18426 | Lair:4   | oof
 18426 | Lair:4   | ugh
 18503 | Lair:4   | Noticed Josephine
 18537 | Lair:4   | Killed Josephine
 18537 | Lair:4   | Reached skill level 11 in Invocations
 18549 | Lair:4   | Reached skill level 7 in Armour
 18675 | Lair:4   | Found a staircase to the Snake Pit.
 19162 | Lair:4   | Found a staircase to the Shoals.
 19583 | Lair:5   | Reached skill level 11 in Fighting
 19995 | Lair:5   | HP: 28/127 [four-headed hydra (4)]
 20157 | Lair:6   | Entered Level 6 of the Lair of Beasts
 20168 | Lair:6   | Found a dark tunnel.
 20177 | Volcano  | Entered a volcano
 20204 | Volcano  | Reached skill level 8 in Armour
 20212 | Volcano  | Reached skill level 12 in Invocations
 20260 | Volcano  | HP: 23/127 [two-headed ogre/+0 giant club of flaming (11)]
 20437 | Lair:6   | Reached ***** piety under the Shining One
 20670 | Lair:6   | Reached skill level 9 in Armour
 20754 | Lair:6   | HP: 30/128 [yak (10)]
 20790 | Lair:6   | Reached skill level 13 in Invocations
 21113 | D:12     | Gained mutation: You resist negative energy. (rN+) [Deep
                  | Dwarf growth]
 21113 | D:12     | Reached XP level 14. HP: 60/136 MP: 3/5
 21351 | D:12     | Noticed Nessos
 21549 | D:13     | Reached skill level 14 in Invocations
 21592 | D:13     | HP: 34/136 [slime creature (8)]
 21597 | D:12     | HP: 31/136 [slime creature (1)]
 21688 | D:12     | Killed Nessos
 22030 | D:13     | Found a gate to the Vaults.
 22030 | D:13     | Noticed an ironheart preserver
 22068 | D:12     | Reached skill level 15 in Invocations
 22143 | D:12     | Found a staircase to the Orcish Mines.
 22597 | D:13     | Noticed Sonja
 22618 | D:13     | Killed Sonja
 22749 | D:13     | Killed an ironheart preserver
 22856 | D:13     | You fall into a shaft and drop 1 floor!
 22889 | D:13     | Noticed Frances
 22918 | D:13     | Killed Frances
 22918 | D:13     | Reached skill level 16 in Invocations
 23364 | D:14     | Reached skill level 17 in Invocations
 23413 | D:14     | Got an ancient chain mail
 23423 | D:14     | Identified the +6 chain mail "Bigiakk" {Dex+4} (You found
                  | it on level 14 of the Dungeon)
 23498 | D:14     | Reached ****** piety under the Shining One
 23790 | D:7      | Fell from the grace of the Shining One
 23790 | D:7      | Became a worshipper of Elyvilon the Healer
 23790 | D:7      | Reached * piety under Elyvilon
 23790 | D:7      | Reached ** piety under Elyvilon
 23790 | D:7      | Reached *** piety under Elyvilon
 23956 | Orc:1    | Entered Level 1 of the Orcish Mines
 24053 | Orc:1    | Found a roughly hewn altar of Beogh.
 24180 | Orc:2    | Entered Level 2 of the Orcish Mines
 24180 | Orc:2    | Found Lureer's Weapon Emporium.
 24614 | Orc:2    | Found a staircase to the Elven Halls.
 24658 | Orc:2    | Found Dyzyhia's Armour Emporium.
 24665 | Orc:2    | Paralysed by an orc sorcerer for 7 turns
 24679 | Orc:2    | Reached skill level 12 in Fighting
 24732 | Orc:2    | HP: 23/138 [orc knight/bolt (16)]
 24881 | Orc:2    | Reached skill level 18 in Invocations
 24882 | Orc:2    | HP: 27/138 [orc knight/+3 battleaxe of freezing (20)]
 24907 | Orc:2    | HP: 26/138 [orc warrior/+1 long sword of freezing (10)]
 25036 | Orc:2    | Found Alyg's Distillery.
 25051 | Orc:2    | Found Uhomeok's Jewellery Shop.
 25054 | Orc:2    | Found Tidahisu's Magic Scroll Shop.
 25062 | Orc:2    | Bought a potion of haste for 130 gold pieces
 25062 | Orc:2    | Bought 2 potions of heal wounds for 130 gold pieces
 25062 | Orc:2    | Bought a potion of might for 52 gold pieces
 25062 | Orc:2    | Bought a potion of haste for 130 gold pieces
 25062 | Orc:2    | Bought a potion of haste for 130 gold pieces
 25113 | Orc:2    | Bought a scroll of summoning for 104 gold pieces
 25113 | Orc:2    | Bought a scroll of fear for 38 gold pieces
 25113 | Orc:2    | Bought a scroll of teleportation for 33 gold pieces
 25113 | Orc:2    | Bought a scroll of enchant weapon for 82 gold pieces
 25114 | Orc:2    | Bought a scroll of identify for 22 gold pieces
 25114 | Orc:2    | Bought a scroll of identify for 22 gold pieces
 25115 | Orc:2    | Identified a scroll of acquirement
 25116 | Orc:2    | Bought a scroll of identify for 22 gold pieces
 25276 | Orc:2    | Bought the ring of the Mage {Wiz MR++ Int+3} for 568 gold
                  | pieces
 25276 | Orc:2    | Found the ring of the Mage {Wiz MR++ Int+3}
 25423 | D:14     | Reached skill level 10 in Armour
 25423 | D:14     | Reached XP level 15. HP: 57/144 MP: 4/6
 25647 | D:14     | Found a glowing golden altar of the Shining One.
 26018 | D:15     | Entered Level 15 of the Dungeon
 26024 | D:15     | Reached **** piety under Elyvilon
 26234 | D:15     | Reached skill level 11 in Armour
 26561 | D:15     | Found a staircase to the Depths.
 26602 | D:15     | Reached skill level 19 in Invocations
 26684 | D:15     | Reached skill level 12 in Armour
 27262 | Lair:5   | damn i'm so dumb
 27262 | Lair:5   | i know i dropped it in the portal
 27815 | Lair:6   | Found a staircase to the Slime Pits.
 27898 | Lair:4   | Reached skill level 13 in Armour
 28230 | Lair:6   | Reached skill level 14 in Armour
 28438 | Lair:6   | Learned a level 1 spell: Apportation
 29025 | Lair:6   | Reached skill level 15 in Armour
 29345 | Snake:1  | Entered Level 1 of the Snake Pit
 29414 | Snake:1  | Noticed Donald
 29436 | Lair:4   | Reached skill level 16 in Armour
 29457 | Lair:4   | Killed Donald
 29598 | Snake:1  | Reached skill level 17 in Armour
 29876 | Snake:1  | Noticed Aizul
 29895 | Snake:1  | Killed Aizul
 29895 | Snake:1  | Reached XP level 16. HP: 41/152 MP: 5/7
 30839 | Snake:2  | Reached skill level 16 in Axes
 30994 | Snake:2  | Reached skill level 6 in Evocations
 31523 | Snake:2  | Reached skill level 5 in Dodging
 31648 | Snake:3  | Reached skill level 7 in Evocations
 32143 | Snake:3  | Found Zannapal's Jewellery Boutique.
 32143 | Snake:3  | Found Zupubran's Gadget Shoppe.
 32144 | Snake:3  | Found Aremm's Jewellery Boutique.
 32157 | Snake:3  | Bought an uncursed amulet of faith for 760 gold pieces
 32359 | Snake:4  | Entered Level 4 of the Snake Pit
 32369 | Snake:4  | Reached skill level 13 in Fighting
 32369 | Snake:4  | Reached skill level 8 in Evocations
 32372 | Snake:4  | Reached skill level 6 in Dodging
 33238 | Snake:4  | Reached skill level 9 in Evocations
 33304 | Snake:4  | Reached skill level 7 in Dodging
 33306 | Snake:4  | Reached XP level 17. HP: 133/164 MP: 8/8
 33311 | Snake:4  | lazy
 33500 | Snake:4  | Reached skill level 17 in Axes
 33553 | Snake:4  | Reached skill level 10 in Evocations
 33698 | Snake:4  | Reached skill level 8 in Dodging
 33763 | Snake:4  | Got a serpentine rune of Zot
 33783 | Snake:4  | what
 33806 | Snake:4  | ok
 33890 | Snake:3  | Bought a phial of floods for 600 gold pieces
 34229 | Shoals:1 | Entered Level 1 of the Shoals
 34326 | Shoals:1 | Noticed Roxanne
 34794 | Shoals:4 | Entered Level 4 of the Shoals
 34794 | Shoals:4 | Noticed Kirke
 34811 | Shoals:4 | Killed Kirke
 34811 | Shoals:4 | Noticed a kraken
 35290 | Shoals:4 | oops wrong button
 35290 | Shoals:4 | hm
 35307 | Shoals:3 | Reached skill level 11 in Evocations
 35448 | Shoals:3 | Reached skill level 9 in Dodging
 35618 | Shoals:4 | Reached skill level 14 in Fighting
 35637 | Shoals:4 | Got a barnacled rune of Zot
 36268 | Vaults:1 | Entered Level 1 of the Vaults
 36508 | Vaults:1 | HP: 56/249 [yaktaur/bolt[a yaktaur captain] (11)]
 36512 | Vaults:1 | Reached skill level 10 in Dodging
 36797 | Vaults:1 | Gained mutation: You passively map a large area around you.
                  | [Deep Dwarf growth]
 36797 | Vaults:1 | Reached XP level 18. HP: 149/176 MP: 9/9
 37003 | Vaults:1 | Reached skill level 18 in Axes
 37297 | Vaults:1 | Found a runed translucent gate.
 37297 | Vaults:1 | Found a runed translucent gate.
 37297 | Vaults:1 | Found a runed translucent gate.
 37297 | Vaults:1 | Noticed Zawnug's ghost (adept MiFi)
 37297 | Vaults:1 | Noticed Suppis's ghost (adept MiGl)
 37298 | Vaults:1 | Noticed quaternion's ghost (veteran MiFi)
 37299 | Vaults:1 | Noticed Synox's ghost (legendary FoFi)
 37420 | Vaults:1 | Noticed Dyimanga's ghost (veteran GrFi)
 37422 | Vaults:1 | ok
 37588 | Vaults:1 | Reached skill level 11 in Dodging
 37981 | Vaults:1 | tso reasons
 38328 | Vaults:2 | Reached skill level 15 in Fighting
 38552 | Vaults:2 | Reached skill level 19 in Axes
 38596 | Vaults:2 | Found a staircase to the Crypt.
 38729 | Vaults:2 | Identified the +1 scale mail of the Orb {MR+ Dex+4}
 39087 | Vaults:2 | Noticed Xtahua
 39101 | Vaults:2 | Killed Xtahua
 39110 | Vaults:2 | Reached skill level 20 in Axes
 39499 | Vaults:2 | Reached XP level 19. HP: 155/186 MP: 10/10
 39499 | Vaults:2 | Noticed Boris
 39519 | Vaults:2 | Killed Boris
 39752 | Vaults:3 | Reached skill level 16 in Fighting
 39785 | Vaults:3 | Noticed Margery
 39925 | Vaults:3 | Killed Margery
 40198 | Vaults:3 | hm
 40198 | Vaults:3 | can i kill mennas
 40198 | Vaults:3 | might have a nice weapon for me
 40324 | Vaults:3 | Found a runed translucent gate.
 40324 | Vaults:3 | Found a runed translucent gate.
 40324 | Vaults:3 | Found a runed translucent gate.
 40326 | Vaults:3 | Noticed a lich
 40326 | Vaults:3 | Noticed Resuhegu's ghost (master FoEE)
 40436 | Vaults:3 | Reached skill level 17 in Fighting
 40765 | Vaults:3 | Reached skill level 12 in Dodging
 40876 | Vaults:3 | Found a flickering gateway to a bazaar.
 40877 | Vaults:3 | what seriously
 40882 | Bazaar   | Entered a bazaar
 40890 | Bazaar   | Found Cumpygg's Book Shop.
 40890 | Bazaar   | Found Toeshruc's Jewellery Boutique.
 40917 | Bazaar   | Bought the ring "Fuoteff" {+Blink rElec MP+9 Str-5 Int-4}
                  | for 287 gold pieces
 41248 | Vaults:3 | Reached skill level 13 in Dodging
 41487 | Vaults:4 | ......
 41748 | Vaults:4 | Reached skill level 14 in Dodging
 41761 | Vaults:4 | Reached XP level 20. HP: 110/201 MP: 10/10
 42123 | Vaults:4 | Found a flickering gateway to a bazaar.
 42477 | Vaults:4 | Reached skill level 15 in Dodging
 42836 | Vaults:4 | ...
 43085 | Vaults:3 | Noticed Mennas
 43119 | Vaults:3 | Reached skill level 12 in Evocations
 43338 | Elf:1    | Entered Level 1 of the Elven Halls
 43502 | Elf:1    | Found a magical portal.
 43516 | WizLab   | Entered Wucad Mu's Monastery
 43578 | WizLab   | Reached ***** piety under Elyvilon
 43581 | WizLab   | Found the +9 staff of Wucad Mu {channel}
 43633 | WizLab   | Reached XP level 21. HP: 181/211 MP: 7/11
 44400 | Elf:2    | Found a huge runed translucent gate.
 44400 | Elf:2    | Found a huge runed translucent gate.
 44400 | Elf:2    | Found a huge runed translucent gate.
 44400 | Elf:2    | Found a huge runed translucent gate.
 44400 | Elf:2    | Found a huge runed translucent gate.
 44529 | Elf:1    | Got a warped iron ring
 44531 | Elf:1    | Identified the ring of Genaumn {rPois rF+ rC+ MP+9 Dex+3}
                  | (You found it on level 1 of the Elven Halls)
 44947 | Elf:1    | Reached skill level 13 in Evocations
 44984 | Elf:1    | Reached skill level 18 in Fighting
 44984 | Elf:1    | Reached skill level 20 in Invocations
 44995 | Elf:1    | Identified the Compendium of Supportive Arcane Weapons
 46244 | Elf:3    | Entered Level 3 of the Elven Halls
 46781 | Elf:3    | Found a runed translucent door.
 46786 | Elf:3    | Noticed dillytodds's ghost (adept GrFi)
 46951 | Elf:3    | Reached XP level 22. HP: 187/222 MP: 13/13
 47309 | Elf:3    | Identified the cursed +1 long sword "Nykhlesu" {venom, +Inv
                  | Int+3}
 47333 | Elf:3    | Identified the +7 short sword of Zeamamen {pain, Int+2}
 47341 | Elf:3    | Reached skill level 21 in Invocations
 47462 | Elf:3    | Identified the ring "Utuozul" {*Corrode +Fly rPois rN+
                  | Int+4}
 47599 | Elf:3    | Identified the +4 broad axe "Yrouraxe" {drain, rElec}
 47712 | Elf:3    | Reached skill level 19 in Fighting
 47963 | Elf:3    | Identified the +0 pair of gloves of the Hall of Blades
                  | {rElec rN+} (You found it on level 3 of the Elven Halls)
 48019 | Elf:3    | Identified the +2 spear "Hydraslayer" {protect, rN++ SInv}
                  | (You found it on level 3 of the Elven Halls)
 48328 | Depths:1 | Entered Level 1 of the Depths
 48403 | Depths:1 | Noticed Asterion
 48417 | Depths:1 | Killed Asterion
 48417 | Depths:1 | Reached skill level 22 in Invocations
 48505 | Depths:1 | Found a gateway to Hell.
 48950 | Depths:1 | Found a runed translucent door.
 48962 | Depths:1 | Found a runed translucent door.
 48962 | Depths:1 | Noticed Barug's ghost (adept TrMo)
 48963 | Depths:1 | Noticed an ancient lich
 49700 | Depths:2 | Noticed Boris
 49722 | Depths:2 | Killed Boris
 49807 | Depths:2 | Reached XP level 23. HP: 202/235 MP: 15/15
 50016 | Depths:2 | Reached skill level 23 in Invocations
 50178 | Depths:2 | Reached skill level 20 in Fighting
 50758 | Depths:2 | Found a transporter.
 51092 | Depths:3 | Reached skill level 24 in Invocations
 51259 | Depths:3 | Noticed Nikola
 51313 | Depths:3 | Killed Nikola
 51450 | Depths:3 | Found a one-way gate leading to the halls of Pandemonium.
 51566 | Depths:3 | Found a gateway to a ziggurat.
 51940 | Depths:3 | Reached skill level 25 in Invocations
 52424 | Depths:3 | Identified the +7 quarterstaff of Tyxzic {freeze, rF++ rC++
                  | Str-5} (You found it on level 3 of the Depths)
 52540 | Depths:4 | Found a one-way gate to the infinite horrors of the Abyss.
 52581 | Depths:4 | Found a transporter.
 52584 | Depths:4 | Found a transporter.
 52670 | Depths:4 | Reached skill level 26 in Invocations
 52781 | Depths:4 | Noticed Jory
 52805 | Depths:4 | Killed Jory
 52933 | Depths:4 | Found the +3 Elemental Staff {rElec rF++ rC++ MR++ AC+5}
 52976 | Depths:4 | Reached XP level 24. HP: 203/244 MP: 17/17
 53714 | Depths:5 | Entered Level 5 of the Depths
 53822 | Depths:5 | Found Geankiw's Wicked Wares.
 53822 | Depths:5 | Found a basalt altar of Yredelemnul.
 53861 | Depths:5 | Found Pienonty's General Store.
 53948 | Depths:5 | Reached skill level 27 in Invocations
 54027 | Depths:5 | Found a glowing golden altar of the Shining One.
 54422 | Depths:5 | Reached skill level 16 in Dodging
 54637 | Depths:5 | Found a gate to the Realm of Zot.
 54693 | Depths:5 | Reached skill level 17 in Dodging
 55509 | Slime:1  | Entered Level 1 of the Pits of Slime
 55554 | Slime:3  | Gained mutation: Your magical capacity is low. (-10% MP) [a
                  | shining eye]
 55637 | Slime:4  | Gained mutation: Your body sometimes deteriorates upon
                  | taking damage. [a shining eye]
 55685 | Slime:4  | Gained mutation: Armour fits poorly on your strangely
                  | shaped body. [a shining eye]
 55687 | Slime:4  | Gained mutation: You can translocate small distances at
                  | will. [a shining eye]
 55689 | Slime:4  | Lost mutation: Your magical capacity is low. (-10% MP) [a
                  | shining eye]
 55691 | Slime:4  | Gained mutation: Your spells are a little easier to cast,
                  | but a little less powerful. [a shining eye]
 55737 | Slime:5  | Entered Level 5 of the Pits of Slime
 55752 | Slime:5  | Noticed the Royal Jelly
 55802 | Slime:4  | Reached skill level 18 in Dodging
 55853 | Slime:5  | Found a viscous altar of Jiyva.
 55856 | Slime:5  | Found the +6 arbalest "Damnation" {damnation}
 55873 | Slime:5  | Found the cursed +13 scythe of Curses {drain, *Curse}
 55995 | Slime:5  | Gained mutation: You are dopey. (Int -2) [a shining eye]
 56124 | Slime:5  | Killed the Royal Jelly
 56124 | Slime:5  | Reached skill level 18 in Armour
 56178 | Slime:5  | Identified the +7 double sword of Hamutuix {freeze, rF++
                  | Str-3 Dex+7} (You found it on level 5 of the Pits of Slime)
 56227 | Slime:5  | Got a translucent lead amulet
 56228 | Slime:5  | Identified the amulet "Hiodom" {Faith rF+} (You found it on
                  | level 5 of the Pits of Slime)
 56256 | Slime:5  | Got a slimy rune of Zot
 56618 | Snake:3  | Bought a wand of disintegration (11) for 225 gold pieces
 56618 | Snake:3  | Bought a wand of iceblast (10) for 210 gold pieces
 56618 | Snake:3  | Bought a wand of iceblast (8) for 180 gold pieces
 56618 | Snake:3  | Bought a wand of acid (11) for 450 gold pieces
 56618 | Snake:3  | Bought a wand of acid (6) for 300 gold pieces
 56618 | Snake:3  | Bought a box of beasts for 300 gold pieces
 56618 | Snake:3  | Bought a wand of acid (7) for 330 gold pieces
 56618 | Snake:3  | Bought a box of beasts for 300 gold pieces
 57020 | Orc:2    | Bought 2 potions of mutation for 208 gold pieces
 57020 | Orc:2    | Bought 2 potions of magic for 208 gold pieces
 57020 | Orc:2    | Bought 2 potions of invisibility for 208 gold pieces
 57385 | Depths:5 | Lost mutation: Your body sometimes deteriorates upon taking
                  | damage. [potion of mutation]
 57385 | Depths:5 | Lost mutation: Your spells are a little easier to cast, but
                  | a little less powerful. [potion of mutation]
 57385 | Depths:5 | Gained mutation: You are agile. (Dex +2) [potion of
                  | mutation]
 57386 | Depths:5 | Lost mutation: You are agile. (Dex +2) [potion of mutation]
 57386 | Depths:5 | Lost mutation: Armour fits poorly on your strangely shaped
                  | body. [potion of mutation]
 57386 | Depths:5 | Lost mutation: You are dopey. (Int -2) [potion of mutation]
 57386 | Depths:5 | Lost mutation: You can translocate small distances at will.
                  | [potion of mutation]
 57386 | Depths:5 | Gained mutation: You are surrounded by a mild repulsion
                  | field. (EV +2) [potion of mutation]
 57386 | Depths:5 | Gained mutation: Your mind is acute. (Int +2) [potion of
                  | mutation]
 57391 | Zot:1    | Entered Level 1 of the Realm of Zot
 57430 | Zot:1    | Reached skill level 19 in Dodging
 57480 | Zot:1    | Learned a level 6 spell: Dispersal
 58103 | Zot:2    | Learned a level 3 spell: Lesser Beckoning
 58417 | Zot:2    | Identified the +7 chain mail of the Aged Demons {MP+9
                  | Str+2} (You found it on level 2 of the Realm of Zot)
 58521 | Zot:2    | Reached XP level 25. HP: 232/252 MP: 17/17
 58536 | Zot:2    | Reached skill level 20 in Dodging
 58827 | Zot:3    | Reached skill level 19 in Armour
 58827 | Zot:3    | Reached skill level 14 in Evocations
 58993 | Zot:5    | Entered Level 5 of the Realm of Zot
 59374 | Zot:5    | Reached skill level 15 in Evocations
 60193 | Zot:4    | Reached skill level 20 in Armour
 61524 | Zot:5    | Reached skill level 21 in Fighting
 61578 | Zot:5    | Noticed an ancient lich
 61579 | Zot:5    | Pacified an ancient lich
 61819 | Zot:5    | Noticed a Killer Klown
 61820 | Zot:5    | Noticed an orb of fire
 61824 | Zot:5    | Noticed an ancient lich
 61825 | Zot:5    | Noticed an orb of fire
 61847 | Zot:5    | Gained mutation: You occasionally shout uncontrollably at
                  | your foes. [an orb of fire]
 61853 | Zot:5    | Killed an orb of fire
 61863 | Zot:5    | Killed an orb of fire
 61868 | Zot:5    | Reached XP level 26. HP: 185/267 MP: 16/16
 61881 | Zot:5    | Killed an ancient lich
 61931 | Zot:5    | Reached skill level 22 in Fighting
 61978 | Zot:5    | Noticed an ancient lich
 61980 | Zot:5    | Pacified an ancient lich
 62604 | Zot:5    | Reached skill level 23 in Fighting
 62817 | Zot:5    | Gained mutation: Armour fits poorly on your strangely
                  | shaped body. [mutagenic glow]
 62864 | Zot:5    | Lost mutation: Your mind is acute. (Int +2) [mutagenic
                  | glow]
 62894 | Zot:5    | Noticed an orb of fire
 62908 | Zot:5    | Gained mutation: Your magical capacity is low. (-10% MP)
                  | [an orb of fire]
 62913 | Zot:5    | Killed an orb of fire
 63577 | Zot:5    | Lost mutation: You occasionally shout uncontrollably at
                  | your foes. [potion of mutation]
 63577 | Zot:5    | Lost mutation: Your magical capacity is low. (-10% MP)
                  | [potion of mutation]
 63577 | Zot:5    | Lost mutation: You are surrounded by a mild repulsion
                  | field. (EV +2) [potion of mutation]
 63577 | Zot:5    | Gained mutation: Your body sometimes deteriorates upon
                  | taking damage. [potion of mutation]
 63577 | Zot:5    | Gained mutation: Your system is resistant to poisons.
                  | (rPois) [potion of mutation]
 63578 | Zot:5    | Lost mutation: Your body sometimes deteriorates upon taking
                  | damage. [potion of mutation]
 63578 | Zot:5    | Gained mutation: Your spells are a little easier to cast,
                  | but a little less powerful. [potion of mutation]
 63578 | Zot:5    | Gained mutation: You are resistant to hostile enchantments.
                  | (MR+) [potion of mutation]
 63579 | Zot:5    | Lost mutation: Your system is resistant to poisons. (rPois)
                  | [potion of mutation]
 63579 | Zot:5    | Lost mutation: You are resistant to hostile enchantments.
                  | (MR+) [potion of mutation]
 63579 | Zot:5    | Lost mutation: Armour fits poorly on your strangely shaped
                  | body. [potion of mutation]
 63579 | Zot:5    | Gained mutation: Your spells are easier to cast, but less
                  | powerful. [potion of mutation]
 63579 | Zot:5    | Gained mutation: Your flesh is cold resistant. (rC+)
                  | [potion of mutation]
 63579 | Zot:5    | Gained mutation: You are robust. (+10% HP) [potion of
                  | mutation]
 63615 | Zot:5    | Got the Orb of Zot
 63795 | Depths:4 | Noticed Caekaopi the pandemonium lord
 63912 | Depths:1 | Noticed Cut Niah the pandemonium lord
 63925 | Depths:1 | Gained mutation: Scrolls take you a little longer to read.
                  | [a cacodemon]
 64027 | D:14     | Noticed Cufih the pandemonium lord
 64331 | D:2      | Gained mutation: You are dopey. (Int -2) [a cacodemon]
 64341 | D:2      | Noticed Pump the pandemonium lord
 64434 | D:$      | Escaped with the Orb!

Levels and vault maps discovered:
D:1:      lightli_arrival_isolated_outpost, layout_basic
D:2:      layout_loops_ring, grunt_temple_overflow_gold_and_silver,
          fedhas_altar_1, lemuel_blue_sif_altar, first_ration
D:3:      cheibrodos_helix_gallery, layout_basic, kennysheep_generic_room_11
D:4:      layout_basic, uniq_robin
D:5:      layout_loops_ring, kennysheep_slug_shrine,
          nicolae_ossuary_entry_monument, basic_altar, hangedman_decor_riveting,
          roderic_lattice_a, uniq_sigmund, uniq_ijyb, uniq_blork_the_orc
D:6:      layout_basic, dancing_weapons_uskayaw, serial_shops, shop, basic_altar
D:7:      layout_basic, kennysheep_little_box, nicolae_overflow_hidden_temple,
          marbit_many_paths, minmay_temple_entry_sparse_star,
          serial_park_tiny_2, grunt_livestock
D:8:      layout_basic, trog_ov_bears_minmay, nemelex_altar_shiori,
          lightli_bailey_entry_fortress, nicolae_ru_awakened_eye
D:9:      layout_roguey, grunt_dithmenos_smoke, minivault_5, uniq_harold
D:10:     layout_basic, erik_lair_dragon
D:11:     layout_long_grid, gauntlet_entry_generic, uniq_maurice
D:12:     layout_cave_pools, erik_orc_3, uniq_nessos
D:13:     layout_cross, skrybe_vaults_entry_preservation, uniq_frances,
          uniq_sonja
D:14:     layout_loops_corners, lemuel_statue_altar
D:15:     gammafunk_depths_entry_grave, layout_basic,
          minmay_misc_feat_more_columns
Temple:   jpeg_temple_alley_garden
Lair:1:   layout_gridlike, uniq_fannar
Lair:2:   layout_loops_ring, ebering_ghost_disaster_area, beast_lair_carwin_8,
          grunt_megastairs_4
Lair:3:   layout_chaotic_city
Lair:4:   layout_hall_layers, minmay_shoals_entry_hut,
          minmay_snake_entry_guardpost_small, wad_woods_road_03, uniq_josephine
Lair:5:   layout_regular_city
Lair:6:   evilmike_catoblepas_cave, layout_long_grid, slime_dummy,
          nicolae_volcano_entry_hallway, minivault_25, minmay_lair_oklob_chamber
Shoals:1: layout_shoals, nicolae_shoals_loop_pool, uniq_roxanne
Shoals:2: layout_shoals
Shoals:3: layout_shoals, overgrown_tower
Shoals:4: shoals_end_grunt_ice, layout_shoals, uniq_kirke
Snake:1:  layout_gridlike, uniq_aizul, uniq_donald
Snake:2:  layout_grid_maze
Snake:3:  layout_misc_corridors, minmay_shop_grove
Snake:4:  snake_pit, layout_rooms
Slime:1:  layout_caves
Slime:2:  layout_caves
Slime:3:  layout_caves
Slime:4:  layout_caves
Slime:5
Orc:1:    layout_diamond_mine, basic_altar, trog_hazing_becter, uniq_erica
Orc:2:    st_orc_elflike, layout_caves, serial_shops, shop
Elf:1:    eino_elf_arrival_sip, layout_geoelf_diagonals,
          infiniplex_enter_wizlab_glasses, evilmike_minifort, minmay_elf_sorcery
Elf:2:    layout_geoelf_diagonals
Elf:3:    nooodl_elf_gasket, layout_gridlike, ebering_ghost_inner_flame,
          st_stairs_13, drop_trap
Vaults:1: gammafunk_vaults_ghost_cemetery, v_rooms_2, grunt_vaults_diagonal,
          nicolae_vaults_angled_halls, v_alt_pattern_2, v_misc_16,
          nicolae_vaults_little_squares_6, ontoclasm_vaults_eye,
          dpeg_vaults_monster_box, layout_vaults_quadrants
Vaults:2: v_pattern_3, minmay_crypt_entry_simple_statues, grunt_vaults_focal,
          nicolae_vaults_little_squares_1, nicolae_vaults_asterisk,
          hangedman_vaults_stretched_pinwheel, v_misc_28,
          nicolae_vaults_network_star, nicolae_vaults_circle_grid_b,
          nicolae_vaults_mini_display_case, nicolae_vaults_alarming,
          nicolae_vaults_network_periphery, layout_vaults_maze_snakey,
          uniq_xtahua, uniq_boris
Vaults:3: gammafunk_vaults_ghost_necromancy, vaults_room_boxed, v_misc_26,
          vaults_dpeg_doors, vaults_room_grid, v_rooms_1, vaults_dpeg_cross,
          vaults_room_hallway, nicolae_vaults_sealed_display,
          nicolae_vaults_border_crossing, vaults_room_fours,
          vaults_mumra_chevron_long, vaults_dpeg_diagonal,
          nicolae_vaults_little_ls, layout_vaults_omnicross,
          portal_desolation_entry_nicolae_slug, serial_shops, bzr_entry_safe,
          uniq_margery, uniq_mennas
Vaults:4: vaults_standard_mumra_x, hangedman_vaults_stream, st_smaller_cells,
          v_misc_23, nicolae_vaults_what_the_h, grunt_vaults_twisty,
          hangedman_vaults_trim, hangedman_vaults_impose, v_misc_18,
          nicolae_vaults_little_squares_6, nicolae_vaults_theta,
          layout_vaults_big_room, serial_shops, bzr_entry_customers
Depths:1: layout_gridlike, grunt_mini_vestibule, muffindrake_ghost_dual_entry,
          kennysheep_generic_room_8, uniq_asterion
Depths:2: gammafunk_dig_for_victory, layout_long_grid, special_room
          [special_room_mythical_zoo], hell_entry,
          hangedman_abyss_or_decor_passed, infiniplex_staircase_zigzag_1
Depths:3: minmay_shrinking_squares, layout_basic, enter_ziggurat_e,
          hangedman_geh_valley, pan_entry, grunt_decor_mini_mirrors, hex_tiny,
          infiniplex_staircase_split_hallway, firewood_loft, uniq_nikola
Depths:4: gammafunk_jiyva_shrine, layout_gridville, abyss_entry, hell_entry,
          minmay_staircase_bubble, minivault_11, chequers_serial_rivers_micro_a,
          kennysheep_pointless_box, serial_sigils_hangedman_snap,
          serial_bayou_shore_b, uniq_jory
Depths:5: evilmike_zot_entry_hall, layout_gridville, hell_entry, tso_metal_star,
          minmay_shop_grid_forest, nicolae_evil_shop, serial_bayou_shore_a
Zot:1:    nicolae_moth_party, layout_onion_interference
Zot:2:    layout_twisted_circle
Zot:3:    layout_basic, grunt_megastairs_3
Zot:4:    kennysheep_blocky_room, layout_gridlike
Zot:5:    layout_basic

Skill      XL: |  1  2  3  4  5  6  7  8  9 10 11 12 13 14 15 16 17 18 19 20 21 22 23 24 25 26 |
---------------+-------------------------------------------------------------------------------+-----
Fighting       | 1 2 3 4 5 8 9 10 11 12 13 14 15 17 18 19 20 21 23 | 23.8
Axes           | 1 4 5 8 10 12 14 15 16 17 20 | 20.0
Invocations    | 7 10 13 18 19 20 22 26 27 | 27.0
Armour         | 4 6 9 10 17 18 20 | 20.0
Evocations     | 4 5 9 11 12 13 15 | 15.0
Dodging        | 4 7 10 11 14 15 19 20 | 20.0
Stealth        | |  2.4
Spellcasting   | |  1.7
Conjurations   | |  3.6

Action                   |  1- 3 |  4- 6 |  7- 9 | 10-12 | 13-15 | 16-18 | 19-21 | 22-24 | 25-27 || total
-------------------------+-------+-------+-------+-------+-------+-------+-------+-------+-------++-------
Melee: Flail             |    38 |    26 |       |       |       |       |       |       |       ||    64
       Hand axe          |       |    57 |   223 |   395 |    27 |       |       |       |       ||   702
       Battleaxe         |       |       |       |   268 |  1077 |  1323 |  1007 |  1717 |   787 ||  6179
       Great mace        |       |       |       |       |       |       |       |    17 |       ||    17
 Fire: Hunting sling     |       |       |     3 |     3 |    23 |       |       |       |       ||    29
Throw: Stone             |       |     5 |     4 |       |       |       |       |       |       ||     9
       Dart              |       |       |    14 |    26 |    18 |       |       |     3 |       ||    61
       Boomerang         |       |       |       |     4 |    10 |     2 |     1 |     3 |    14 ||    34
       Javelin           |       |       |       |       |       |       |       |     9 |       ||     9
       Throwing net      |       |       |       |       |       |       |       |     1 |     2 ||     3
 Cast: Magic Dart        |    34 |     2 |       |       |       |       |       |       |       ||    36
       Searing Ray       |    19 |    52 |    37 |       |       |       |       |       |       ||   108
       Apportation       |       |       |       |       |    24 |       |       |       |       ||    24
Invok: Divine Shield     |       |       |       |     1 |     5 |       |       |       |       ||     6
       Lesser Healing    |       |       |       |       |    85 |   193 |   134 |   252 |    98 ||   762
       Heal Other        |       |       |       |       |     1 |       |       |     1 |     8 ||    10
       Purification      |       |       |       |       |       |     1 |       |     1 |     1 ||     3
       Greater Healing   |       |       |       |       |       |     4 |     1 |     2 |       ||     7
 Abil: Heal Wounds       |       |     2 |    10 |    24 |    22 |     1 |     3 |     1 |     9 ||    72
       Evoke Invisibilit |       |       |       |       |       |    11 |     4 |       |       ||    15
       Evoke Blink       |       |       |       |       |       |       |       |       |    16 ||    16
Evoke: Wand              |       |       |     8 |    18 |    15 |    32 |     9 |    19 |    25 ||   126
       Tin of tremorston |       |       |       |       |     5 |     4 |     5 |    16 |       ||    30
       Lightning rod     |       |       |       |       |     3 |     4 |       |       |       ||     7
       Phial of floods   |       |       |       |       |       |       |       |     1 |       ||     1
       Box of beasts     |       |       |       |       |       |       |       |       |     3 ||     3
  Use: Scroll            |       |     4 |     6 |    20 |    20 |     3 |     6 |    13 |    11 ||    83
       Potion            |       |       |       |     5 |    10 |     7 |     2 |     5 |    21 ||    50
 Stab: Sleeping          |     2 |     3 |     2 |       |       |       |       |       |       ||     7
       Paralysed         |       |       |     4 |       |       |     3 |       |       |     6 ||    13
       Petrified         |       |       |       |       |    10 |       |       |       |       ||    10
       Petrifying        |       |       |       |       |     1 |       |       |       |       ||     1
       Invisible         |       |       |       |       |       |    40 |    20 |     2 |     3 ||    65
       Distracted        |       |       |       |       |       |       |     1 |       |     2 ||     3
       Held in net/web   |       |       |       |       |       |       |       |     1 |     1 ||     2
  Eat: Chunk             |     5 |    15 |    11 |    23 |    36 |    40 |    44 |    51 |     9 ||   234
       Ration            |       |     1 |     2 |     1 |     5 |     8 |     1 |     8 |    11 ||    37
Armor: Robe              |    11 |     8 |       |       |       |       |       |       |       ||    19
       Leather armour    |       |    11 |    22 |       |       |       |       |       |       ||    33
       Chain mail        |       |       |    71 |    28 |       |       |       |       |       ||    99
       Plate armour      |       |       |       |   278 |   658 |   712 |   359 |   886 |   443 ||  3336
       Skin              |       |       |       |       |       |       |       |       |    24 ||    24
Dodge: Dodged            |    45 |    92 |   171 |   249 |   523 |   715 |   447 |   979 |   535 ||  3756
Block: Other             |       |       |       |     4 |    20 |       |       |       |       ||    24

Levels and vault maps discovered:
D:1:      lightli_arrival_isolated_outpost, layout_basic
D:2:      layout_loops_ring, grunt_temple_overflow_gold_and_silver,
          fedhas_altar_1, lemuel_blue_sif_altar, first_ration
D:3:      cheibrodos_helix_gallery, layout_basic, kennysheep_generic_room_11
D:4:      layout_basic, uniq_robin
D:5:      layout_loops_ring, kennysheep_slug_shrine,
          nicolae_ossuary_entry_monument, basic_altar, hangedman_decor_riveting,
          roderic_lattice_a, uniq_sigmund, uniq_ijyb, uniq_blork_the_orc
D:6:      layout_basic, dancing_weapons_uskayaw, serial_shops, shop, basic_altar
D:7:      layout_basic, kennysheep_little_box, nicolae_overflow_hidden_temple,
          marbit_many_paths, minmay_temple_entry_sparse_star,
          serial_park_tiny_2, grunt_livestock
D:8:      layout_basic, trog_ov_bears_minmay, nemelex_altar_shiori,
          lightli_bailey_entry_fortress, nicolae_ru_awakened_eye
D:9:      layout_roguey, grunt_dithmenos_smoke, minivault_5, uniq_harold
D:10:     layout_basic, erik_lair_dragon
D:11:     layout_long_grid, gauntlet_entry_generic, uniq_maurice
D:12:     layout_cave_pools, erik_orc_3, uniq_nessos
D:13:     layout_cross, skrybe_vaults_entry_preservation, uniq_frances,
          uniq_sonja
D:14:     layout_loops_corners, lemuel_statue_altar
D:15:     gammafunk_depths_entry_grave, layout_basic,
          minmay_misc_feat_more_columns
Temple:   jpeg_temple_alley_garden
Lair:1:   layout_gridlike, uniq_fannar
Lair:2:   layout_loops_ring, ebering_ghost_disaster_area, beast_lair_carwin_8,
          grunt_megastairs_4
Lair:3:   layout_chaotic_city
Lair:4:   layout_hall_layers, minmay_shoals_entry_hut,
          minmay_snake_entry_guardpost_small, wad_woods_road_03, uniq_josephine
Lair:5:   layout_regular_city
Lair:6:   evilmike_catoblepas_cave, layout_long_grid, slime_dummy,
          nicolae_volcano_entry_hallway, minivault_25, minmay_lair_oklob_chamber
Shoals:1: layout_shoals, nicolae_shoals_loop_pool, uniq_roxanne
Shoals:2: layout_shoals
Shoals:3: layout_shoals, overgrown_tower
Shoals:4: shoals_end_grunt_ice, layout_shoals, uniq_kirke
Snake:1:  layout_gridlike, uniq_aizul, uniq_donald
Snake:2:  layout_grid_maze
Snake:3:  layout_misc_corridors, minmay_shop_grove
Snake:4:  snake_pit, layout_rooms
Slime:1:  layout_caves
Slime:2:  layout_caves
Slime:3:  layout_caves
Slime:4:  layout_caves
Slime:5
Orc:1:    layout_diamond_mine, basic_altar, trog_hazing_becter, uniq_erica
Orc:2:    st_orc_elflike, layout_caves, serial_shops, shop
Elf:1:    eino_elf_arrival_sip, layout_geoelf_diagonals,
          infiniplex_enter_wizlab_glasses, evilmike_minifort, minmay_elf_sorcery
Elf:2:    layout_geoelf_diagonals
Elf:3:    nooodl_elf_gasket, layout_gridlike, ebering_ghost_inner_flame,
          st_stairs_13, drop_trap
Vaults:1: gammafunk_vaults_ghost_cemetery, v_rooms_2, grunt_vaults_diagonal,
          nicolae_vaults_angled_halls, v_alt_pattern_2, v_misc_16,
          nicolae_vaults_little_squares_6, ontoclasm_vaults_eye,
          dpeg_vaults_monster_box, layout_vaults_quadrants
Vaults:2: v_pattern_3, minmay_crypt_entry_simple_statues, grunt_vaults_focal,
          nicolae_vaults_little_squares_1, nicolae_vaults_asterisk,
          hangedman_vaults_stretched_pinwheel, v_misc_28,
          nicolae_vaults_network_star, nicolae_vaults_circle_grid_b,
          nicolae_vaults_mini_display_case, nicolae_vaults_alarming,
          nicolae_vaults_network_periphery, layout_vaults_maze_snakey,
          uniq_xtahua, uniq_boris
Vaults:3: gammafunk_vaults_ghost_necromancy, vaults_room_boxed, v_misc_26,
          vaults_dpeg_doors, vaults_room_grid, v_rooms_1, vaults_dpeg_cross,
          vaults_room_hallway, nicolae_vaults_sealed_display,
          nicolae_vaults_border_crossing, vaults_room_fours,
          vaults_mumra_chevron_long, vaults_dpeg_diagonal,
          nicolae_vaults_little_ls, layout_vaults_omnicross,
          portal_desolation_entry_nicolae_slug, serial_shops, bzr_entry_safe,
          uniq_margery, uniq_mennas
Vaults:4: vaults_standard_mumra_x, hangedman_vaults_stream, st_smaller_cells,
          v_misc_23, nicolae_vaults_what_the_h, grunt_vaults_twisty,
          hangedman_vaults_trim, hangedman_vaults_impose, v_misc_18,
          nicolae_vaults_little_squares_6, nicolae_vaults_theta,
          layout_vaults_big_room, serial_shops, bzr_entry_customers
Depths:1: layout_gridlike, grunt_mini_vestibule, muffindrake_ghost_dual_entry,
          kennysheep_generic_room_8, uniq_asterion
Depths:2: gammafunk_dig_for_victory, layout_long_grid, special_room
          [special_room_mythical_zoo], hell_entry,
          hangedman_abyss_or_decor_passed, infiniplex_staircase_zigzag_1
Depths:3: minmay_shrinking_squares, layout_basic, enter_ziggurat_e,
          hangedman_geh_valley, pan_entry, grunt_decor_mini_mirrors, hex_tiny,
          infiniplex_staircase_split_hallway, firewood_loft, uniq_nikola
Depths:4: gammafunk_jiyva_shrine, layout_gridville, abyss_entry, hell_entry,
          minmay_staircase_bubble, minivault_11, chequers_serial_rivers_micro_a,
          kennysheep_pointless_box, serial_sigils_hangedman_snap,
          serial_bayou_shore_b, uniq_jory
Depths:5: evilmike_zot_entry_hall, layout_gridville, hell_entry, tso_metal_star,
          minmay_shop_grid_forest, nicolae_evil_shop, serial_bayou_shore_a
Zot:1:    nicolae_moth_party, layout_onion_interference
Zot:2:    layout_twisted_circle
Zot:3:    layout_basic, grunt_megastairs_3
Zot:4:    kennysheep_blocky_room, layout_gridlike
Zot:5:    layout_basic

Table legend:
 A = Turns spent in this place as a percentage of turns spent in the entire game.
 B = Non-inter-level travel turns spent in this place as a percentage of non-inter-level travel turns spent in the entire game.
 C = Inter-level travel turns spent in this place as a percentage of turns spent in this place.
 D = Turns resting spent in this place as a percentage of non-inter-level travel turns spent in this place.
 E = Turns spent auto-exploring this place as a percentage of non-inter-level travel turns spent in this place.
 F = Non-inter-level travel turns spent in this place divided by the number of levels of this place that you've seen.
                   A       B       C       D       E      F
               +-------+-------+-------+-------+-------+----------------------
         Total | 100.0 | 100.0 |  12.0 |  13.2 |  42.3 | 945.4
       Dungeon |  32.3 |  30.9 |  15.8 |  15.0 |  47.9 | 1168.1
        Temple |   0.3 |   0.3 |  23.6 |   0.0 |  97.6 | 165.0
          Lair |  12.7 |  11.9 |  17.6 |   7.4 |  61.1 | 1124.0
        Shoals |   2.6 |   2.8 |   4.3 |  54.9 |   0.0 | 396.0
     Snake Pit |   7.4 |   7.4 |  11.5 |  13.2 |  41.0 | 1048.5
    Slime Pits |   1.4 |   1.6 |   5.1 |   5.4 |   0.2 | 177.2
  Orcish Mines |   2.6 |   2.2 |  23.7 |  15.2 |  48.9 | 637.5
   Elven Halls |   6.8 |   7.2 |   6.6 |  10.8 |  39.3 | 1360.0
        Vaults |  10.8 |  11.6 |   5.1 |   6.9 |  46.7 | 1646.0
        Depths |  11.1 |  11.0 |  12.7 |   0.7 |  53.4 | 1252.0
           Zot |   9.8 |  10.6 |   4.9 |  24.4 |  10.7 | 1205.0
        Bazaar |   0.1 |   0.1 |   0.0 |   0.0 |  39.5 |  43.0
       Ossuary |   0.8 |   0.9 |   0.0 |  55.8 |   0.0 | 496.0
        Bailey |   0.0 |   0.0 |   0.0 |   0.0 |   0.0 |  14.0
       Volcano |   0.4 |   0.4 |   0.0 |   0.0 |   0.0 | 230.0
        Wizlab |   0.5 |   0.5 |   0.0 |   0.0 |  51.4 | 292.0
      Gauntlet |   0.5 |   0.6 |   0.0 |   0.0 |  44.9 | 332.0
               +-------+-------+-------+-------+-------+----------------------

Table legend:
 A = Kills in this place as a percentage of kills in entire the game.
 B = Kills by you in this place as a percentage of kills by you in the entire game.
 C = Kills by friends in this place as a percentage of kills by friends in the entire game.
 D = Other kills in this place as a percentage of other kills in the entire game.
 E = Experience gained in this place as a percentage of experience gained in the entire game.
 F = Experience gained in this place divided by the number of levels of this place that you have seen.
                   A       B       C       D       E      F
               +-------+-------+-------+-------+-------+----------------------
         Total | 100.0 | 100.0 | 100.0 | 100.0 | 100.0 | 22288.1
       Dungeon |  26.0 |  26.1 |   0.0 |   0.0 |   6.1 | 5434.5
          Lair |   8.8 |   8.9 |   0.0 |   0.0 |   4.3 | 9695.2
        Shoals |   2.7 |   2.6 |   0.0 |  12.5 |   2.1 | 6909.0
     Snake Pit |   8.3 |   8.3 |   0.0 |   0.0 |   6.9 | 23125.8
    Slime Pits |   1.9 |   1.9 |   0.0 |   0.0 |   4.2 | 11198.6
  Orcish Mines |   2.5 |   2.5 |   0.0 |   0.0 |   0.8 | 5570.5
   Elven Halls |   7.1 |   7.0 |   0.0 |  37.5 |  10.3 | 45964.0
        Vaults |  19.6 |  19.6 |   0.0 |  37.5 |  19.3 | 64665.5
        Depths |  14.1 |  14.1 |  25.0 |  12.5 |  20.1 | 53693.2
           Zot |   7.1 |   7.0 |  75.0 |   0.0 |  25.1 | 67265.2
       Ossuary |   0.8 |   0.8 |   0.0 |   0.0 |   0.0 |  34.0
        Bailey |   0.0 |   0.0 |   0.0 |   0.0 |   0.0 | 129.0
       Volcano |   0.5 |   0.5 |   0.0 |   0.0 |   0.3 | 4163.0
        Wizlab |   0.0 |   0.0 |   0.0 |   0.0 |   0.1 | 1200.0
      Gauntlet |   0.5 |   0.5 |   0.0 |   0.0 |   0.3 | 3455.0
               +-------+-------+-------+-------+-------+----------------------
